 Dungeon Crawl Stone Soup version 0.26.1-11-gd32895ea62 (webtiles) character file.

Game seed: 13800243562441846179

17 Zeld the Shield-Bearer (level 2, -1/21 HPs)
             Began as an Octopode Fighter on May 17, 2021.
             Was an Initiate of Okawaru.
             Slain by a bullfrog (2 damage)
             ... on level 3 of the Dungeon.
             The game lasted 00:00:50 (673 turns).

Zeld the Shield-Bearer (Octopode Fighter)            Turns: 673, Time: 00:00:51

Health: -1/21      AC:  1    Str: 15    XL:     2   Next: 62%
Magic:  2/2        EV: 11    Int: 10    God:    Okawaru [......]
Gold:   105        SH:  8    Dex: 11    Spells: 1/1 levels left

rFire    . . .     SeeInvis .   a - +0 war axe
rCold    . . .     Faith    .   b - +0 kite shield
rNeg     . . .     Spirit   .   (helmet restricted)
rPois    .         Reflect  .   (no amulet)
rElec    .         Harm     .   (no ring)
rCorr    .         Rampage  .   (no ring)
Will     .....                  (no ring)
Stlth    ++........             (no ring)
HPRegen  0.07/turn              (no ring)
MPRegen  0.08/turn              (no ring)
                                (no ring)
                                (no ring)

@: brilliant
A: almost no armour, stealthy swim, amphibious, 8 rings, constrict 8, camouflage
1, gelatinous body 1
a: Renounce Religion


You were on level 3 of the Dungeon.
You worshipped Okawaru.
Okawaru was noncommittal.
You visited 1 branch of the dungeon, and saw 4 of its levels.

You collected 105 gold pieces.

Inventory:

Hand Weapons
 a - a +0 war axe (weapon)
Missiles
 e - 8 boomerangs (quivered)
Armour
 b - a +0 kite shield (worn)
Jewellery
 d - a cursed ring of attention {unknown}
Scrolls
 f - a scroll of amnesia {unknown}
 h - a scroll of teleportation {unknown}
 i - a scroll of blinking {unknown}
Potions
 c - a potion of might
 g - 2 potions of brilliance


   Skills:
 * Level 3.3 Fighting
 * Level 2.3 Axes
 - Level 3.0 Dodging
 * Level 3.3 Shields


You had one spell level left.
You didn't know any spells.
Your spell library was empty.

Dungeon Overview and Level Annotations

Branches:
Dungeon (4/15)
 Temple: D:4-7

Altars:
Okawaru


Innate Abilities, Weirdness & Mutations

You cannot wear most types of armour.
You are very stealthy in the water. (Stealth+)
You are amphibious.
You can wear up to eight rings at the same time.
You can use your tentacles to constrict eight enemies at once.
Your skin changes colour to match your surroundings (Stealth+).
Your rubbery body absorbs attacks. (AC +1, EV +1)


Message History

A goblin is nearby!
You block the goblin's attack.
You hit the bullfrog. Your grab misses the bullfrog.
The bullfrog is lightly wounded.
You barely miss the goblin. The bullfrog hits you.
The goblin hits you but does no damage. The bullfrog hits you.
The goblin barely misses you.
You slash the goblin!
You kill the goblin!
Okawaru accepts your kill.
You closely miss the bullfrog. The bullfrog hits you.
You block the bullfrog's attack.
You are too injured to fight recklessly!
You are too injured to fight recklessly!
The bullfrog hits you!
* * * LOW HITPOINT WARNING * * *
It was a potion of brilliance.
You feel clever all of a sudden. The bullfrog hits you.
You die...

#...... #......# .......
#......# #......# #......#
..#..g.# #......#####
.....!.. +......'.... . #
#....# #......#####
..#.#....#########......##...
#...#.....)........#######...
#.....[...F@............'...
#..../####.......##.####...
##.....# #.......##.# #...
###...###.########.# ####
#.........# #.# #..#########
#.# #..# #.# #..# #.# ...


You could see a bullfrog.

Vanquished Creatures
  An ooze (D:1)
  An orc (D:3)
  2 giant cockroaches
  2 goblins (D:3)
  A bat (D:1)
  A frilled lizard (D:4)
  4 kobolds (D:1)
  A rat (D:1)
13 creatures vanquished.

Notes
Turn   | Place    | Note
-------+----------+-------------------------------------------
     0 | D:1      | Zeld the Octopode Fighter began the quest for the Orb.
     0 | D:1      | Reached XP level 1. HP: 16/16 MP: 1/1
    67 | D:1      | Reached XP level 2. HP: 13/21 MP: 2/2
   501 | D:3      | Noticed a bullfrog
   537 | D:4      | Noticed an ogre
   586 | D:3      | Found an iron altar of Okawaru.
   595 | D:3      | Became a worshipper of Warmaster Okawaru
   672 | D:3      | HP: 1/21 [bullfrog (8)]
   673 | D:3      | Slain by a bullfrog

Illustrated notes

Levels and vault maps discovered:
D:1:      dpeg_arrival_rooms_c, layout_rooms, corner_web_ring,
          roderic_st_hans_cross
D:2:      layout_basic, lightli_temple_of_fire, serial_curves, eino_curves_02,
          eino_curves_01, eino_curves_04, eino_curves_04, minmay_pentomino_u2
D:3:      wad_crossroads, layout_basic, okawaru_gym_becter, tso_metal_star
D:4:      layout_cave_pools, vehumet_crystals, minmay_temple_entry_steel_oval

Action                   || total
-------------------------++-------
Melee: War axe           ||    26
       Constrict         ||     4
       Tentacles         ||     3
  Use: Potion            ||     1
 Stab: Sleeping          ||     1
Armor: Skin              ||     2
Dodge: Dodged            ||     9
Block: Kite shield       ||     9
